 Dungeon Crawl Stone Soup version 0.30.1-8-g117510f58f (webtiles) character file.

Game seed: 11036424493469985012

2141 NullDivider the Sneak (level 9, -1/51 HPs)
             Began as an Octopode Venom Mage on Sept 23, 2023.
             Engulfed by a steam dragon's steam (5 damage)
             ... on level 7 of the Dungeon.
             The game lasted 00:48:09 (6220 turns).

NullDivider the Sneak (Octopode Venom Mage)         Turns: 6220, Time: 00:48:09

Health: -1/51      AC:  1    Str:  8    XL:     9   Next: 30%
Magic:  24/25      EV: 15    Int: 17    God:
Gold:   351        SH:  0    Dex: 16    Spells: 3/18 levels left

rFire   . . .        i - +2 dagger (flame)
rCold   . . .        (no shield)
rNeg    . . .        (helmet restricted)
rPois   .            (no amulet)
rElec   .            r - ring of magical power
rCorr   .            (no ring)
SInv    .            (no ring)
Will    .....        (no ring)
Stlth   +++++        (no ring)
HPRegen 0.28/turn    (no ring)
MPRegen 0.19/turn    (no ring)
                     (no ring)

%: no passive effects
@: no status effects
A: almost no armour, amphibious, 8 rings, camouflage 1, gelatinous body 1,
(nimble swimmer 1), tentacles
a: no special abilities


You were on level 7 of the Dungeon.
You visited 1 branch of the dungeon, and saw 7 of its levels.

You collected 351 gold pieces.

Inventory:

Hand Weapons
 i - a +2 dagger of flaming (weapon)
 v - a +4 short sword of electrocution
Jewellery
 r - a ring of magical power (left tentacle)
Wands
 o - a wand of roots (19)
Scrolls
 e - 3 scrolls of magic mapping
 f - 2 scrolls of fear {unknown}
 g - 2 scrolls of blinking {unknown}
 j - 2 scrolls of identify {unknown}
 m - a scroll of immolation {unknown}
 n - 2 scrolls of amnesia {unknown}
 p - a scroll of fog {unknown}
 s - 2 scrolls of enchant armour
 t - a scroll of silence {unknown}
 u - a scroll of vulnerability {unknown}
Potions
 a - 2 potions of magic
 b - a potion of cancellation {unknown}
 c - 2 potions of berserk rage {unknown}
 d - 2 potions of mutation {unknown}
 h - a potion of resistance {unknown}
 k - a potion of degeneration {unknown}
 q - a potion of attraction {unknown}


   Skills:
 + Level 4.3 Short Blades
 + Level 5.2 Dodging
 + Level 7.6 Stealth
 + Level 5.0 Spellcasting
 - Level 1.0 Transmutations
 + Level 3.6 Ice Magic
 + Level 4.5 Air Magic
 - Level 5.0 Poison Magic


You had 3 spell levels left.
You knew the following spells:

 Your Spells              Type           Power      Damage    Failure   Level
a - Sting                 Tmut/Pois      56%        1d5       4%          1
b - Poisonous Vapours     Pois/Air       40%        N/A       3%          2
c - Mephitic Cloud        Conj/Pois/Air  15%        N/A       12%         3
d - Swiftness             Air            19%        N/A       7%          3
e - Ensorcelled Hibernat  Hex/Ice        20%        N/A       10%         2
f - Olgreb's Toxic Radia  Pois           21%        N/A       17%         4

Your spell library contained the following spells:

 Spells                   Type           Power      Damage    Failure   Level
 Static Discharge         Conj/Air       22%        2-3/arc   9%          2
 Passwall                 Tmut/Erth      5%         N/A       17%         2
 Lesser Beckoning         Tloc           8%         N/A       22%         2
 Gell's Gravitas          Tloc           4%         N/A       38%         3
 Teleport Other           Tloc           4%         N/A       38%         3
 Airstrike                Air            9%         2d(2-18)  22%         4
 Summon Lightning Spire   Summ/Air       11%        N/A       50%         4
 Fulminant Prism          Conj/Hex       2%         3d5       80%         4
 Arcjolt                  Conj/Air       5%         1d15      83%         5
 Iron Shot                Conj/Erth      2%         9d2       100%        6


Dungeon Overview and Level Annotations

Branches:
Dungeon (7/15)             Temple (0/1) D:5

Altars:
Fedhas
Kikubaaqudgha
Wu Jian
Yredelemnul
Zin

Shops:
D:1 *   D:6 *   D:7 *


Innate Abilities, Weirdness & Mutations

You cannot wear most types of armour.
You are amphibious.
You can wear up to eight rings at the same time.
Your skin changes colour to match your surroundings (Stealth+).
Your rubbery body absorbs attacks. (AC +1, EV +1)
((You are camouflaged when in or above water. (Stealth+)))
You have tentacles for arms and can constrict up to eight enemies at once.


Message History

Ouch! That really hurt!
* * * LOW HITPOINT WARNING * * *
You completely miss the white ugly thing.
The bullfrog croaks.
The orc shouts!
You grab the white ugly thing. You squeeze the white ugly thing.
The white ugly thing is almost dead.
You constrict the white ugly thing, but do no damage.
You hear a shout! x2
You hit the white ugly thing but do no damage.
You squeeze the white ugly thing.
The white ugly thing is almost dead.
You constrict the white ugly thing. The white ugly thing barely misses you.
You hit the white ugly thing. You burn the white ugly thing.
You kill the white ugly thing!
The white imp gestures at you. The puff of frost misses you.
Your Spellcasting skill increases to level 5!
Casting: Sting (safe; 4% risk of failure)
Confirm with . or Enter, or press ? or * to list all spells.
Aiming: Sting (safe; 4% risk of failure)
Press: ? - help, Shift-Dir - straight line, f - bullfrog
Aim: a bullfrog (64% to hit)
The sting hits the bullfrog.
The bullfrog is poisoned.
The bullfrog is lightly wounded.
The bullfrog misses you.
An orc comes into view. It is wielding a +0 whip.
The bullfrog attacks as you move away! The bullfrog hits you.
* * * LOW HITPOINT WARNING * * *
The bullfrog hits you!
* * * LOW HITPOINT WARNING * * *
You feel much better. The bullfrog hits you.
The steam dragon breathes steam at you. The ball of steam hits you!!
* * * LOW HITPOINT WARNING * * *
The orc shouts!
You hit the steam dragon. You burn the steam dragon.
You squeeze the steam dragon.
The steam dragon is moderately wounded.
You are engulfed in a cloud of scalding steam.
You die...

..................#...#
.#.##.###.##.....###..#
.................## ..
# #.#.##.#.##......#
..#........##.#....#
...$..#.#.........?..
#..[.†.#.##..#......
.....5#D..##.##...#...
#.##.#†#@#.##.. ...#.^.
o.o..5.F§#.........#
###.##.#§#.##.#..
.......##.).#.
##.##.#.# ....#. #.
#.#.# . .. ..... .. ...
# ## ##


You could see a steam dragon (catching breath), a bullfrog (poisoned), a white
imp and an orc.

Vanquished Creatures
  An ugly thing (D:7)
  A steam dragon (D:6)
  Menkaure (D:4)
  2 sky beasts (D:7)
  A centaur (D:5)
  4 phantoms
  2 scorpions
  4 killer bees (D:5)
  2 howler monkeys (D:5)
  2 jellies
  3 orc priests
  A hound (D:4)
  Ijyb (D:4)
  4 iguanas
  A sleepcap (D:4)
  Natasha (D:4)
  An orc wizard (D:4)
  8 adders
  A shadow imp (D:6)
  3 ufetubi
  2 worms
  2 dart slugs
  23 orcs
  2 endoplasms (D:3)
  5 giant cockroaches
  7 goblins
  7 hobgoblins
  10 jackals
  4 kobolds
  2 quokkas
  5 ball pythons
  3 bats
  A frilled lizard (D:2)
  4 rats
121 creatures vanquished.

Notes
Turn   | Place    | Note
-------+----------+-------------------------------------------
     0 | D:1      | NullDivider the Octopode Venom Mage began the quest for the
                  | Orb.
     0 | D:1      | Reached XP level 1. HP: 11/11 MP: 3/3
   171 | D:1      | Reached skill level 3 in Stealth
   171 | D:1      | Reached XP level 2. HP: 17/17 MP: 5/5
   174 | D:1      | Learned a level 2 spell: Poisonous Vapours
   200 | D:1      | Found Xyusara's General Store.
   810 | D:2      | Reached XP level 3. HP: 21/21 MP: 6/6
   911 | D:2      | Learned a level 3 spell: Mephitic Cloud
  1574 | D:3      | Reached skill level 1 in Air Magic
  1574 | D:3      | Reached XP level 4. HP: 25/27 MP: 4/7
  1872 | D:3      | Found an ornate altar of the Wu Jian Council.
  2295 | D:4      | Noticed a phantom
  2316 | D:5      | Entered Level 5 of the Dungeon
  2328 | D:5      | Killed a phantom
  2329 | D:5      | Reached skill level 1 in Short Blades
  2329 | D:5      | Reached skill level 4 in Stealth
  2329 | D:5      | Reached XP level 5. HP: 19/31 MP: 7/9
  2333 | D:5      | Learned a level 3 spell: Swiftness
  2425 | D:4      | Reached XP level 6. HP: 32/36 MP: 4/10
  2869 | D:4      | Learned a level 2 spell: Ensorcelled Hibernation
  2913 | D:4      | Reached skill level 5 in Stealth
  2913 | D:4      | Reached skill level 5 in Poison Magic
  2913 | D:4      | Reached XP level 7. HP: 27/41 MP: 7/12
  3085 | D:4      | Noticed Ijyb
  3095 | D:4      | Killed Ijyb
  3194 | D:4      | Noticed Menkaure
  3207 | D:4      | Killed Menkaure
  3208 | D:4      | Reached skill level 1 in Ice Magic
  3449 | D:4      | Noticed Natasha
  3463 | D:4      | Killed Natasha
  3601 | D:5      | Got the Parchment of Algor and Assaults
  3654 | D:5      | Found a basalt altar of Yredelemnul.
  3866 | D:5      | Reached XP level 8. HP: 7/46 MP: 7/13
  4019 | D:5      | Reached skill level 6 in Stealth
  4172 | D:5      | HP: 2/46 [orc/+0 war axe of flaming (1)]
  4319 | D:5      | Found a staircase to the Ecumenical Temple.
  4389 | D:5      | Found a blossoming altar of Fedhas.
  4633 | D:5      | Learned a level 4 spell: Olgreb's Toxic Radiance
  5110 | D:6      | Found an ancient bone altar of Kikubaaqudgha.
  5578 | D:6      | Found Zin's Purification Station.
  5581 | D:6      | Found a glowing silver altar of Zin.
  6102 | D:7      | Reached skill level 7 in Stealth
  6142 | D:7      | Reached XP level 9. HP: 43/51 MP: 16/16
  6175 | D:7      | Found Jowaada's Assorted Antiques.
  6207 | D:7      | Reached skill level 5 in Dodging
  6207 | D:7      | Noticed a white ugly thing
  6216 | D:7      | Killed a white ugly thing
  6217 | D:7      | Reached skill level 5 in Spellcasting
  6220 | D:7      | Engulfed by a steam dragon's steam

Illustrated notes

Levels and vault maps discovered:
D:1:      minmay_arrival_plants_in_alcoves, layout_loops_ring, serial_shops,
          shop
D:2:      layout_basic
D:3:      layout_loops_ring, lemuel_round_altar, corexii_leaking_fountain
D:4:      layout_loops_cross, uniq_menkaure, uniq_natasha, uniq_ijyb
D:5:      layout_loops_ring, mainiacjoe_overflow_six_doors_small,
          fedhas_altar_1, minmay_temple_entry_from_below_a,
          minmay_misc_feat_four_crosses, saegor_snake_ambush
D:6:      layout_layer_cave, kiku_gazebo_garden_becter, zin_purify
D:7:      layout_cave_pools, serial_shops, nicolae_shop_stone,
          minmay_diced_spiral

Skill      XL: |  1  2  3  4  5  6  7  8  9 |
---------------+----------------------------+-----
Stealth        | 3 4 5 7 |  7.6
Poison Magic   | 4 5 |  5.0
Air Magic      | 1 2 3 4 |  4.5
Short Blades   | 1 2 3 4 |  4.3
Dodging        | 3 4 5 |  5.2
Spellcasting   | 3 4 5 |  5.0
Ice Magic      | 1 3 |  3.6
Transmutations | |  1.0

Action                     |  1- 3 |  4- 6 |  7- 9 || total
---------------------------+-------+-------+-------++-------
  Melee: Unarmed           |    35 |       |       ||    35
         Constrict         |    24 |    10 |    20 ||    54
         Tentacles         |    18 |    19 |    32 ||    69
         Dagger            |    36 |    85 |   127 ||   248
         Punch             |       |     1 |     6 ||     7
   Cast: Sting             |    16 |    15 |    26 ||    57
         Poisonous Vapours |     6 |     8 |    23 ||    37
         Mephitic Cloud    |     1 |       |     2 ||     3
    Use: Scroll            |     1 |       |     1 ||     2
         Potion            |       |     1 |     3 ||     4
   Stab: Sleeping          |     8 |     5 |    14 ||    27
         Confused          |       |       |     1 ||     1
 Armour: Skin              |     4 |     1 |     5 ||    10
  Dodge: Dodged            |    41 |    41 |    66 ||   148
